 Dungeon Crawl Stone Soup version 0.21.0-37-g46506fa (webtiles) character file.

31504 JustSomeDude the Thaumaturge (level 13, -2/151 HPs)
             Began as a Gnoll Skald on Jan 7, 2018.
             Was an Elder of Makhleb.
             Slain by a cyan ugly thing (12 damage)
             ... on level 15 of the Dungeon on Jan 31, 2018.
             The game lasted 01:22:23 (15102 turns).

JustSomeDude the Thaumaturge (Gnoll Skald)         Turns: 15102, Time: 01:22:26

Health: -2/151     AC: 26    Str: 16    XL:     13   Next: 58%
Magic:  26/26      EV:  2    Int: 16    God:    Makhleb [****..]
Gold:   1023       SH:  0    Dex: 17    Spells: 28/31 levels left

rFire    + . .     SeeInvis .   v - +1 short sword (drain)
rCold    x . .     Gourm    .   (no shield)
rNeg     + + +     Faith    .   (armour currently unavailable)
rPois    +         Spirit   .   (helmet currently unavailable)
rElec    .         Reflect  .   (cloak currently unavailable)
rCorr    .         Harm     .   (gloves currently unavailable)
MR       .....     NoTele   +   (boots currently unavailable)
Stlth    +++++.....             a - amulet of regeneration
HPRegen  0.75/turn              k - ring of stealth
MPRegen  0.20/turn              X - ring of fire

@: tree-form, infused, very slightly contaminated, invisible
A: distributed training, strong nose
a: Minor Destruction, Lesser Servant of Makhleb, Major Destruction, Renounce
Religion


You were on level 15 of the Dungeon.
You worshipped Makhleb.
Makhleb was greatly pleased with you.
You were not hungry.
You were a tree.
You visited 3 branches of the dungeon, and saw 17 of its levels.

You collected 1023 gold pieces.

Inventory:

Hand Weapons
 l - a +1 hand axe of freezing
 t - a +0 trident of venom
 v - a +1 short sword of draining (weapon)
 S - a +0 hunting sling
 U - a +1 shortbow of freezing
Missiles
 y - 263 stones (quivered)
 M - 569 arrows
Armour
 f - a +1 cloak (melded)
 I - the +1 scale mail "Ucew" (melded) {MR+ Regen+ Str+4 Dex+3}
   (You found it on level 6 of the Dungeon)

   It affects your strength (+4).
   It affects your dexterity (+3).
   It affects your resistance to hostile enchantments.
   It increases your rate of regeneration.
 O - the +1 leather armour of the Devil {*Slow rN+ MR+++}
   (You found it on level 7 of the Dungeon)

   It protects you from negative energy.
   It affects your resistance to hostile enchantments.
   It may slow you when you take damage.
 P - a +2 hat (melded)
 T - +0 acid dragon scales
Jewellery
 a - an amulet of regeneration (around neck)
 k - a ring of stealth (left branch)
 u - an uncursed ring of ice
 X - a ring of fire (right branch)
Wands
 z - a wand of flame (102)
 L - a wand of disintegration (10)
 Q - a wand of iceblast (14)
 R - a wand of random effects (61)
Scrolls
 e - 5 scrolls of identify
 g - a scroll of enchant armour
 j - 2 scrolls of amnesia
 m - 3 scrolls of fog
 n - 2 scrolls of immolation
 q - 2 scrolls of fear
 s - 6 scrolls of remove curse
 w - 5 scrolls of teleportation
 C - a scroll of random uselessness
 N - 3 scrolls of magic mapping
Potions
 h - a potion of degeneration {unknown}
 i - a potion of resistance {unknown}
 p - a potion of experience {unknown}
 x - a potion of ambrosia {unknown}
 A - a potion of mutation {unknown}
 B - 2 potions of cancellation
 D - a potion of curing
 E - 3 potions of flight
 F - a potion of berserk rage
 G - a potion of invisibility
 J - 3 potions of might
 K - 3 potions of brilliance
Books
 b - a book of Necromancy

   Spells                             Type                      Level
   a - Pain                           Necromancy                   1
   b - Animate Skeleton               Necromancy                   1
   c - Vampiric Draining              Necromancy                   3
   d - Regeneration                   Charms/Necromancy            3
   e - Animate Dead                   Necromancy                   4
   f - Borgnjor's Vile Clutch         Necromancy/Earth             5
 c - a book of Battle

   Spells                             Type                      Level
   a - Infusion                       Charms                       1
   b - Shroud of Golubria             Charms/Translocation         2
   c - Song of Slaying                Charms                       2
   d - Spectral Weapon                Hexes/Charms                 3
   e - Regeneration                   Charms/Necromancy            3
 r - a book of Misfortune

   Spells                             Type                      Level
   a - Confusing Touch                Hexes                        1
   b - Confuse                        Hexes                        3
   c - Gell's Gravitas                Translocation                3
   d - Petrify                        Transmutation/Earth          4
   e - Metabolic Englaciation         Hexes/Ice                    5
   f - Yara's Violent Unravelling     Hexes/Transmutation          5
 H - a book of Debilitation

   Spells                             Type                      Level
   a - Corona                         Hexes                        1
   b - Slow                           Hexes                        2
   c - Inner Flame                    Hexes/Fire                   3
   d - Portal Projectile              Hexes/Translocation          3
   e - Cause Fear                     Hexes                        4
   f - Leda's Liquefaction            Hexes/Earth                  4
 V - a book of Party Tricks

   Spells                             Type                      Level
   a - Summon Butterflies             Summoning                    1
   b - Apportation                    Translocation                1
   c - Lesser Beckoning               Translocation                3
   d - Tukima's Dance                 Hexes                        3
   e - Alistair's Intoxication        Transmutation/Poison         5
   f - Invisibility                   Hexes                        6
 W - a book of Transfigurations

   Spells                             Type                      Level
   a - Irradiate                      Conjuration/Transmutation    5
   b - Statue Form                    Transmutation/Earth          6
   c - Hydra Form                     Transmutation                6
   d - Dragon Form                    Transmutation                7
 Z - a book of Minor Magic

   Spells                             Type                      Level
   a - Magic Dart                     Conjuration                  1
   b - Blink                          Translocation                2
   c - Call Imp                       Summoning                    2
   d - Slow                           Hexes                        2
   e - Conjure Flame                  Conjuration/Fire             3
   f - Mephitic Cloud                 Conjuration/Poison/Air       3
Comestibles
 d - 19 rations


   Skills:
 + Level 9.5 Fighting
 + Level 8.3 Short Blades
 + Level 8.3 Long Blades
 + Level 9.5 Axes
 + Level 8.3 Maces & Flails
 + Level 8.3 Polearms
 + Level 8.3 Staves
 + Level 8.3 Slings
 + Level 8.3 Bows
 + Level 8.3 Crossbows
 + Level 8.3 Throwing
 + Level 8.7 Armour
 + Level 9.5 Dodging
 + Level 8.3 Stealth
 + Level 8.3 Shields
 + Level 8.3 Unarmed Combat
 + Level 9.7 Spellcasting
 + Level 6.9 Conjurations
 + Level 6.9 Hexes
 + Level 8.9 Charms
 + Level 6.9 Summonings
 + Level 6.9 Necromancy
 + Level 6.9 Translocations
 + Level 6.9 Transmutations
 + Level 6.9 Fire Magic
 + Level 6.9 Ice Magic
 + Level 6.9 Air Magic
 + Level 6.9 Earth Magic
 + Level 6.9 Poison Magic
 + Level 9.0 Invocations
 + Level 8.3 Evocations


You had 28 spell levels left.
You knew the following spells:

 Your Spells              Type           Power        Failure   Level  Hunger
a - Infusion              Chrm           ####         1%          1    None
b - Song of Slaying       Chrm           #####...     1%          2    None


Dungeon Overview and Level Annotations

Branches:
Dungeon (15/15)            Temple (1/1) D:5            Lair (0/6) D:11
    Orc (0/2) D:12         Vaults (0/5) D:14         Depths (1/5) D:15

Altars:
Ashenzari
Cheibriados
Dithmenos
Elyvilon
Fedhas
Gozag
Hepliaklqana
Kikubaaqudgha
Makhleb
Nemelex Xobeh
Okawaru
Qazlal
Ru
Sif Muna
Trog
Uskayaw
Vehumet
Wu Jian
Xom
Yredelemnul
Zin
The Shining One

Shops:
D:8 *

Annotations:
D:14 Frances


Innate Abilities, Weirdness & Mutations

Your experience applies equally to all skills.
((You have very sharp teeth.))
Your uncanny sense of smell can sniff out nearby items.


Message History

The cyan ugly thing shocks you!
* * * LOW HITPOINT WARNING * * *
You fade into invisibility!
The green ugly thing punches you but does no damage.
Your orange demon barely misses the green ugly thing.
Your orange demon hits the green ugly thing but does no damage.
The cyan ugly thing basks in the mutagenic energy from its kin and changes!
The cyan ugly thing gores you.
* * * LOW HITPOINT WARNING * * *
The cyan ugly thing shocks you!
* * * LOW HITPOINT WARNING * * *
You are very lightly contaminated with residual magic.
You feel better.
The green ugly thing barely misses your orange demon.
Your orange demon closely misses the green ugly thing.
Your orange demon hits the green ugly thing.
The green ugly thing looks weaker.
The cyan ugly thing gores you!
* * * LOW HITPOINT WARNING * * *
The cyan ugly thing shocks you!
You die...

#......#........#....
#......#........#....
#......##'#######....
#####......###..#....
#..#......#....#....
#..#......'....+....
#..#......######....
#..####...........##
#.u♣u.#......)....#.
#.4.u.#...........#.
######'#...........#.
#..:.#.##'#....##'##.
#....#....#....#.....
#....#u...#....#.....
#....#....#....######
#....#....#..........
#..uuu....#..........


You could see 3 ugly things and a friendly orange demon.

Vanquished Creatures
  Fannar (D:12)
  A rakshasa (D:15)
  A hydra (D:15)
  Erica (D:8)
  4 centaur warriors
  2 two-headed ogres
  A skeletal warrior (D:14)
  An unseen horror (D:12)
  A deep elf archer (D:14)
  Pikel (D:7)
  An orc knight (D:14)
  3 ugly things
  2 deep elf magi (D:14)
  5 centaur zombies
  Joseph (D:8)
  2 gargoyles
  3 centaur skeletons (D:14)
  A kobold demonologist (D:14)
  2 trolls
  A hornet (D:11)
  Grinder (D:3)
  A hornet (shapeshifter) (D:15)
  5 hippogriffs
  3 slime creatures (D:15)
  A spriggan (D:8)
  16 yaks
  A shadow (D:12)
  2 wyverns
  2 wraiths (D:14)
  A vampire (D:11)
  A wyvern (shapeshifter) (D:15)
  A basilisk (D:13)
  A hungry ghost (D:8)
  2 steam dragons
  3 vampire mosquitoes (D:14)
  2 wargs (D:11)
  2 water moccasins
  2 soldier ants
  A soldier ant (shapeshifter) (D:15)
  2 acid dragons
  A porcupine (shapeshifter) (D:15)
  3 ice beasts
  4 slaves (D:7)
  4 orc warriors
  3 phantoms
  An eye of draining (D:9)
  An eye of draining (shapeshifter) (D:14)
  3 boggarts (D:15)
  7 ogres
  2 crocodiles
  22 centaurs
  2 big kobolds
  5 bullfrogs
  Blork the orc (D:4)
  A gnoll sergeant (D:9)
  7 scorpions
  A wyvern skeleton (D:12)
  12 killer bees
  4 wights (D:9)
  4 howler monkeys
  3 crimson imps (D:6)
  2 bullfrog zombies
  A quasit (D:7)
  13 orc priests
  Crazy Yiuf (D:3)
  8 hounds
  11 orc wizards
  A bullfrog skeleton (D:5)
  9 iguanas
  9 worker ants
  A hound zombie (D:11)
  A howler monkey skeleton (D:11)
  13 adders
  11 gnolls
  7 shadow imps
  An ooze (D:1)
  An adder zombie (D:6)
  An adder skeleton (D:6)
  A worm (D:2)
  27 orcs
  2 ball pythons
  10 bats
  2 giant cockroaches
  5 goblins
  7 hobgoblins
  8 jackals
  2 quokkas
  4 frilled lizards
  A jackal skeleton (D:7)
  18 kobolds
  A leopard gecko skeleton (D:5)
  A leopard gecko zombie (D:5)
  A quokka skeleton (D:5)
  7 rats
364 creatures vanquished.

Vanquished Creatures (collateral kills)
  2 two-headed ogres
  A wolf spider zombie (D:13)
  An ugly thing (D:11)
  2 centaur skeletons (D:14)
  A kobold demonologist (D:14)
  4 yaks
  An ogre (D:11)
  2 big kobolds
  A quasit (D:13)
  2 orc wizards
  A shadow imp (D:13)
  3 orcs (D:10)
  5 kobolds
26 creatures vanquished.

Vanquished Creatures (others)
  A deep elf mage (D:14)
  A big kobold (D:14)
2 creatures vanquished.

Grand Total: 392 creatures vanquished

Notes
Turn   | Place    | Note
-------+----------+-------------------------------------------
     0 | D:1      | JustSomeDude the Gnoll Skald began the quest for the Orb.
     0 | D:1      | Reached XP level 1. HP: 20/20 MP: 6/6
   149 | D:1      | Reached XP level 2. HP: 24/26 MP: 7/7
   636 | D:2      | Reached skill level 5 in Spellcasting
   636 | D:2      | Reached XP level 3. HP: 17/31 MP: 7/9
  1125 | D:2      | Reached skill level 1 in Invocations
  1317 | D:2      | Reached skill level 1 in Short Blades
  1317 | D:2      | Reached skill level 1 in Long Blades
  1317 | D:2      | Reached skill level 1 in Maces & Flails
  1317 | D:2      | Reached skill level 1 in Polearms
  1317 | D:2      | Reached skill level 1 in Staves
  1317 | D:2      | Reached skill level 1 in Slings
  1317 | D:2      | Reached skill level 1 in Bows
  1317 | D:2      | Reached skill level 1 in Crossbows
  1317 | D:2      | Reached skill level 1 in Throwing
  1317 | D:2      | Reached skill level 1 in Stealth
  1317 | D:2      | Reached skill level 1 in Shields
  1317 | D:2      | Reached skill level 1 in Unarmed Combat
  1317 | D:2      | Reached skill level 1 in Evocations
  1336 | D:2      | Reached XP level 4. HP: 33/38 MP: 11/11
  1639 | D:2      | Found a burning altar of Makhleb.
  1645 | D:2      | Reached skill level 1 in Conjurations
  1645 | D:2      | Reached skill level 1 in Hexes
  1645 | D:2      | Reached skill level 1 in Summonings
  1645 | D:2      | Reached skill level 1 in Necromancy
  1645 | D:2      | Reached skill level 1 in Translocations
  1645 | D:2      | Reached skill level 1 in Transmutations
  1645 | D:2      | Reached skill level 1 in Fire Magic
  1645 | D:2      | Reached skill level 1 in Ice Magic
  1645 | D:2      | Reached skill level 1 in Air Magic
  1645 | D:2      | Reached skill level 1 in Earth Magic
  1645 | D:2      | Reached skill level 1 in Poison Magic
  1647 | D:2      | Became a worshipper of Makhleb the Destroyer
  1704 | D:3      | Reached XP level 5. HP: 37/43 MP: 12/12
  1766 | D:3      | Found a faded altar of an unknown god.
  1809 | D:3      | Upgraded the game from 0.21.0 to 0.21.0-37-g46506fa
  1958 | D:3      | Reached * piety under Makhleb
  2024 | D:3      | Reached XP level 6. HP: 50/50 MP: 13/13
  2334 | D:3      | Reached skill level 5 in Fighting
  2334 | D:3      | Reached skill level 5 in Axes
  2334 | D:3      | Reached skill level 5 in Dodging
  2362 | D:3      | Found an iron altar of Okawaru.
  2577 | D:3      | Noticed Grinder
  2583 | D:3      | Paralysed by Grinder for 7 turns
  2592 | D:3      | Paralysed by Grinder for 6 turns
  2603 | D:3      | Killed Grinder
  2603 | D:3      | Reached XP level 7. HP: 56/56 MP: 15/15
  2794 | D:3      | Found a runed door.
  2858 | D:3      | Noticed Crazy Yiuf
  2864 | D:3      | Killed Crazy Yiuf
  3174 | D:4      | Reached ** piety under Makhleb
  3178 | D:4      | Noticed Blork the orc
  3189 | D:4      | Killed Blork the orc
  3189 | D:4      | Reached XP level 8. HP: 56/63 MP: 16/16
  3984 | D:5      | Entered Level 5 of the Dungeon
  4018 | D:5      | Found a hide-covered altar of Uskayaw.
  4172 | D:5      | Found a staircase to the Ecumenical Temple.
  4223 | Temple   | Entered the Ecumenical Temple
  4764 | D:5      | Reached XP level 9. HP: 69/69 MP: 18/18
  5029 | D:6      | Learned a level 2 spell: Song of Slaying
  5124 | D:6      | Found a shadowy altar of Dithmenos.
  5165 | D:6      | Found a shimmering altar of Xom.
  5218 | D:6      | Got a bloodstained scale mail
  5219 | D:6      | Identified the cursed +1 scale mail "Ucew" {MR+ Regen+ Str+4 Dex+3} (You found it on level 6 of the Dungeon)
  5355 | D:6      | Reached *** piety under Makhleb
  5909 | D:7      | Reached skill level 5 in Armour
  5954 | D:7      | Got a dazzling leather armour
  5955 | D:7      | Identified the +1 leather armour of the Devil {*Slow rN+ MR+++} (You found it on level 7 of the Dungeon)
  6150 | D:7      | Noticed Pikel
  6165 | D:7      | Killed Pikel
  6165 | D:7      | Reached skill level 5 in Invocations
  6575 | D:8      | Reached XP level 10. HP: 77/77 MP: 20/20
  6959 | D:8      | Found Rochoi's Assorted Antiques.
  7321 | D:8      | Noticed Erica
  7345 | D:8      | Killed Erica
  7345 | D:8      | Reached skill level 5 in Short Blades
  7345 | D:8      | Reached skill level 5 in Long Blades
  7345 | D:8      | Reached skill level 5 in Maces & Flails
  7345 | D:8      | Reached skill level 5 in Polearms
  7345 | D:8      | Reached skill level 5 in Staves
  7345 | D:8      | Reached skill level 5 in Slings
  7345 | D:8      | Reached skill level 5 in Bows
  7345 | D:8      | Reached skill level 5 in Crossbows
  7345 | D:8      | Reached skill level 5 in Throwing
  7345 | D:8      | Reached skill level 5 in Stealth
  7345 | D:8      | Reached skill level 5 in Shields
  7345 | D:8      | Reached skill level 5 in Unarmed Combat
  7345 | D:8      | Reached skill level 5 in Evocations
  7404 | D:8      | Noticed Joseph
  7414 | D:8      | Killed Joseph
  7535 | D:8      | Found a sacrificial altar of Ru.
  7592 | D:8      | Found a blossoming altar of Fedhas.
  7593 | D:8      | Found a radiant altar of Vehumet.
  7598 | D:8      | Found a glowing golden altar of the Shining One.
  7603 | D:8      | Found a burning altar of Makhleb.
  8331 | D:9      | Noticed a two-headed ogre
  8367 | D:9      | Killed a two-headed ogre
  8367 | D:9      | Reached XP level 11. HP: 84/84 MP: 22/22
  8509 | D:9      | Reached **** piety under Makhleb
  8605 | D:10     | Entered Level 10 of the Dungeon
  8614 | D:10     | Noticed a two-headed ogre
  8627 | D:10     | Killed a two-headed ogre
  8798 | D:10     | Reached skill level 5 in Conjurations
  8798 | D:10     | Reached skill level 5 in Hexes
  8798 | D:10     | Reached skill level 5 in Summonings
  8798 | D:10     | Reached skill level 5 in Necromancy
  8798 | D:10     | Reached skill level 5 in Translocations
  8798 | D:10     | Reached skill level 5 in Transmutations
  8798 | D:10     | Reached skill level 5 in Fire Magic
  8798 | D:10     | Reached skill level 5 in Ice Magic
  8798 | D:10     | Reached skill level 5 in Air Magic
  8798 | D:10     | Reached skill level 5 in Earth Magic
  8798 | D:10     | Reached skill level 5 in Poison Magic
  9306 | D:11     | Noticed a two-headed ogre
  9353 | D:11     | Killed a two-headed ogre
  9633 | D:11     | Noticed a red ugly thing
  9644 | D:11     | Killed a red ugly thing
  9664 | D:11     | Found a stormy altar of Qazlal.
  9856 | D:11     | Found a staircase to the Lair.
  9861 | D:11     | Paralysed by a hornet for 1 turns
 10364 | D:12     | Found a staircase to the Orcish Mines.
 10370 | D:12     | Noticed Fannar
 10453 | D:12     | Reached XP level 12. HP: 63/93 MP: 24/24
 10479 | D:12     | Killed Fannar
 10510 | D:12     | Identified a scroll of acquirement
 10554 | D:12     | Noticed a centaur warrior
 10565 | D:12     | Killed a centaur warrior
 11560 | D:13     | Noticed a centaur warrior
 11578 | D:13     | Killed a centaur warrior
 11928 | D:13     | Reached ***** piety under Makhleb
 12160 | D:13     | Noticed a two-headed ogre
 12170 | D:13     | Killed a two-headed ogre
 12521 | D:14     | Found a gate to the Vaults.
 12655 | D:14     | Reached XP level 13. HP: 53/101 MP: 26/26
 12901 | D:14     | Noticed Frances
 13825 | D:15     | Entered Level 15 of the Dungeon
 14642 | D:15     | Found a staircase to the Depths.
 14791 | D:15     | Noticed a rakshasa
 14797 | D:15     | Killed a rakshasa
 14828 | Depths:1 | Entered Level 1 of the Depths
 14832 | Depths:1 | Noticed a yaktaur captain
 15102 | D:15     | Slain by a cyan ugly thing

Skill      XL: |  1  2  3  4  5  6  7  8  9 10 11 12 13 |
---------------+----------------------------------------+-----
Spellcasting   | 5 6 7 8 9 |  9.7
Invocations    | 1 2 3 4 5 6 7 8 9 |  9.0
Short Blades   | 1 2 3 4 5 6 7 8 |  8.3
Long Blades    | 1 2 3 4 5 6 7 8 |  8.3
Maces & Flails | 1 2 3 4 5 6 7 8 |  8.3
Polearms       | 1 2 3 4 5 6 7 8 |  8.3
Staves         | 1 2 3 4 5 6 7 8 |  8.3
Slings         | 1 2 3 4 5 6 7 8 |  8.3
Bows           | 1 2 3 4 5 6 7 8 |  8.3
Crossbows      | 1 2 3 4 5 6 7 8 |  8.3
Throwing       | 1 2 3 4 5 6 7 8 |  8.3
Stealth        | 1 2 3 4 5 6 7 8 |  8.3
Shields        | 1 2 3 4 5 6 7 8 |  8.3
Unarmed Combat | 1 2 3 4 5 6 7 8 |  8.3
Evocations     | 1 2 3 4 5 6 7 8 |  8.3
Conjurations   | 1 2 3 4 5 6 |  6.9
Hexes          | 1 2 3 4 5 6 |  6.9
Summonings     | 1 2 3 4 5 6 |  6.9
Necromancy     | 1 2 3 4 5 6 |  6.9
Translocations | 1 2 3 4 5 6 |  6.9
Transmutations | 1 2 3 4 5 6 |  6.9
Fire Magic     | 1 2 3 4 5 6 |  6.9
Ice Magic      | 1 2 3 4 5 6 |  6.9
Air Magic      | 1 2 3 4 5 6 |  6.9
Earth Magic    | 1 2 3 4 5 6 |  6.9
Poison Magic   | 1 2 3 4 5 6 |  6.9
Armour         | 3 4 5 6 7 8 |  8.7
Fighting       | 5 6 7 8 9 |  9.5
Axes           | 5 6 7 8 9 |  9.5
Dodging        | 5 6 7 8 9 |  9.5
Charms         | 6 7 8 |  8.9

Action                   |  1- 3 |  4- 6 |  7- 9 | 10-12 | 13-15 || total
-------------------------+-------+-------+-------+-------+-------++-------
Melee: Hand axe          |    77 |    90 |    37 |       |       ||   204
       Bite              |     8 |     8 |    41 |   177 |    81 ||   315
       Punch             |     1 |     2 |     7 |    60 |    28 ||    98
       Trident           |       |    18 |   387 |   601 |       ||  1006
       Short sword       |       |       |       |   490 |   396 ||   886
Throw: Tomahawk          |       |    28 |    32 |       |       ||    60
       Stone             |       |       |    33 |     1 |       ||    34
 Cast: Infusion          |       |       |     3 |     4 |     2 ||     9
       Song of Slaying   |       |       |     2 |     6 |     1 ||     9
Invok: Lesser Servant of |       |       |       |    12 |     9 ||    21
       Major Destruction |       |       |       |     5 |     2 ||     7
       Minor Destruction |       |       |       |     2 |       ||     2
Evoke: Wand              |       |       |       |     8 |     7 ||    15
  Use: Potion            |       |     6 |     3 |    11 |    10 ||    30
       Scroll            |       |       |     2 |     9 |     9 ||    20
 Stab: Sleeping          |       |     4 |     5 |    11 |     7 ||    27
       Distracted        |       |       |     3 |     7 |     2 ||    12
  Eat: Chunk             |     1 |     4 |    13 |    20 |     2 ||    40
       Ration            |       |       |       |     2 |     3 ||     5
Armor: Leather armour    |    14 |    18 |    46 |       |       ||    78
       Skin              |       |    35 |    46 |    59 |    12 ||   152
       Scale mail        |       |       |    62 |   351 |   128 ||   541
Dodge: Dodged            |    66 |    70 |   260 |   711 |   278 ||  1385
